 Dungeon Crawl Stone Soup version 0.29-a0-821-g66395355a5 (webtiles) character file.

Game seed: 3992266138097684221

63 jimonade the Grave Robber (level 3, -2/26 HPs)
             Began as a Mummy Necromancer on July 7, 2022.
             Slain by Pargi (4 damage)
             ... on level 3 of the Dungeon.
             The game lasted 00:05:49 (2374 turns).

jimonade the Grave Robber (Mummy Necromancer)       Turns: 2374, Time: 00:05:49

Health: -2/26      AC:  4    Str: 13    XL:     3   Next: 89%
Magic:  0/8        EV: 12    Int: 14    God:
Gold:   122        SH:  0    Dex: 12    Spells: 5/9 levels left

rFire   x . .      SeeInvis .   o - +0 spear
rCold   + . .      Faith    .   (no shield)
rNeg    + + +      Spirit   .   a - +0 robe
rPois   ∞          Reflect  .   (no helmet)
rElec   .          Harm     .   d - +1 cloak
rCorr   .          Rampage  .   (no gloves)
Will    .....                   (no boots)
Stlth   ++........              (no amulet)
HPRegen 0.08/turn               (no ring)
MPRegen 0.11/turn               (no ring)

@: no status effects
A: cold resistance 1, negative energy resistance 3, torment resistance 2, heat
vulnerability 1, in touch with death 1, no potions
a: no special abilities


You were on level 3 of the Dungeon.
You visited 1 branch of the dungeon, and saw 3 of its levels.

You collected 122 gold pieces.

Inventory:

Hand Weapons
 c - a +0 dagger
 j - a +0 short sword
 o - a +0 spear (weapon)
Missiles
 i - 26 stones
Armour
 a - a +0 robe (worn)
 d - a +1 cloak (worn)
 n - a +0 chain mail
Jewellery
 b - an amulet of guardian spirit
 k - an amulet of magic regeneration
Scrolls
 e - a scroll of immolation {unknown}
 f - 2 scrolls of noise {unknown}
 g - 4 scrolls of identify {unknown}
 h - 2 scrolls of fog {unknown}
 l - 3 scrolls of teleportation {unknown}
 m - a scroll of blinking {unknown}
 p - a scroll of magic mapping {unknown}


   Skills:
 * Level 1.4 Fighting
 - Level 0.1 Short Blades
 + Level 1.5 Dodging
 - Level 1.5 Stealth
 * Level 3.9 Spellcasting
 + Level 4.6 Necromancy


You had 5 spell levels left.
You knew the following spells:

 Your Spells              Type           Power      Damage    Failure   Level
a - Necrotise             Necr           92%        1d8       3%          1
b - Vampiric Draining     Necr           23%        2d7       9%          3

Your spell library contained the following spells:

 Spells                   Type           Power      Damage    Failure   Level
 Apportation              Tloc           4%         N/A       21%         1
 Summon Small Mammal      Summ           8%         N/A       21%         1
 Animate Dead             Necr           23%        N/A       28%         4
 Agony                    Necr           23%        N/A       63%         5
 Leda's Liquefaction      Hex/Erth       1%         N/A       89%         4
 Lee's Rapid Deconstruct  Erth           1%         3d5*      99%         5
 Statue Form              Tmut/Erth      Unusable   N/A       N/A         6

Dungeon Overview and Level Annotations

Branches:
Dungeon (3/15)

Altars:

Shops:
D:2 :*=

Annotations:
D:3 Pargi, Sigmund


Innate Abilities, Weirdness & Mutations

You are immune to poison.
Your flesh is cold resistant. (rC+)
You are immune to negative energy. (rN+++)
You are immune to unholy pain and torment.
You are vulnerable to heat. (rF-)
You are in touch with the powers of death.
You do not drink.


Message History

You feel a surge of power!
Pargi writhes in agony.
You feel a surge of power!
Pargi barely resists.
You feel a surge of power!
Pargi barely resists.
Pargi closely misses you. Pargi claws you but does no damage. Pargi claws you.
You feel a surge of power!
Pargi writhes in agony!
Pargi misses you. Pargi closely misses you. Pargi claws you.
You feel a surge of power!
Pargi writhes in agony.
Pargi closely misses you. Pargi barely misses you.
Pargi claws you but does no damage.
You feel a surge of power!
Pargi writhes in agony.
Pargi bites you! Pargi barely misses you. x2
You feel a surge of power!
Pargi writhes in agony.
Pargi hisses menacingly.
Pargi closely misses you. x2; Pargi claws you but does no damage.
You miss Pargi.
Pargi is severely wounded.
Pargi completely misses you. x3
You feel a surge of power!
Pargi barely resists.
Pargi bites you but does no damage. Pargi claws you but does no damage.
Pargi claws you.
You closely miss Pargi.
Pargi is severely wounded.
Pargi closely misses you. Pargi claws you but does no damage.
Pargi barely misses you.
You miss Pargi.
Pargi is heavily wounded.
Pargi bites you but does no damage. Pargi claws you. Pargi barely misses you.
Pargi misses you. Pargi claws you. Pargi barely misses you.
You hit Pargi but do no damage.
Pargi is heavily wounded.
Pargi barely misses you. Pargi claws you but does no damage. x2
You hit Pargi.
Pargi is severely wounded.
Pargi bites you!
* * * LOW HITPOINT WARNING * * *
Pargi closely misses you. Pargi claws you but does no damage.
You miss Pargi.
Pargi is heavily wounded.
Pargi snarls, "My home!
Leave!"
Pargi bites you.
You die...

#### ...###########
.............##############
##.#########..............#
#.# ##############.######
#.# #.##########.........##
#.# #...T@....#......#....
#.# #.##.###............###
#.# #. #...#.##.##..# ##.#
.. #####.##.##..# >..# ##
#.##.##..# ####
..##.##..### #.##........
#.#####..... ..#####.####


You could see Pargi.

Vanquished Creatures
  3 adders
  4 ball pythons
  An endoplasm (D:3)
  2 giant cockroaches (D:2)
  2 hobgoblins (D:2)
  3 jackals (D:1)
  6 kobolds
  3 quokkas (D:1)
  4 bats
  4 goblins
  3 rats
35 creatures vanquished.

Vanquished Creatures (collateral kills)
  An endoplasm (D:2)
1 creature vanquished.

Grand Total: 36 creatures vanquished

Notes
Turn   | Place    | Note
-------+----------+-------------------------------------------
     0 | D:1      | jimonade the Mummy Necromancer began the quest for the Orb.
     0 | D:1      | Reached XP level 1. HP: 13/13 MP: 4/4
   383 | D:1      | Reached XP level 2. HP: 10/20 MP: 0/5
   750 | D:1      | Found a faded altar of an unknown god.
  1190 | D:2      | Found Poihyb's Book Emporium.
  1484 | D:2      | Gained mutation: You are in touch with the powers of death.
                  | [Mummy growth]
  1484 | D:2      | Reached XP level 3. HP: 25/25 MP: 3/7
  1533 | D:2      | Found Kenenn's Jewellery Emporium.
  2011 | D:2      | Found Ciorat's Assorted Antiques.
  2029 | D:2      | Reached skill level 1 in Fighting
  2088 | D:2      | Learned a level 3 spell: Vampiric Draining
  2106 | D:3      | Noticed Sigmund
  2359 | D:3      | Noticed Pargi
  2374 | D:3      | Slain by Pargi

Illustrated notes

Levels and vault maps discovered:
D:1:      zelgadis_glass_arrival_small, layout_basic,
          shapermc_ecumenical_altar_venn
D:2:      layout_basic, serial_shops, shop,
          nicolae_shop_temple_entry_statues_fountains, shop
D:3:      layout_loops_ring, minmay_fractal_squares_diagonal_5, uniq_sigmund,
          uniq_pargi

Skill      XL: |  1  2  3 |
---------------+----------+-----
Spellcasting   | 3 |  3.9
Fighting       | 1 |  1.4
Short Blades   | |  0.1
Dodging        | |  1.5
Stealth        | |  1.5
Necromancy     | |  4.6

Action                   || total
-------------------------++-------
Melee: Dagger            ||    16
       Spear             ||     6
 Cast: Necrotise         ||    80
Armor: Robe              ||    26
Dodge: Dodged            ||    49

Table legend: (Time is in decaauts)
 A = Elapsed time spent in this place.
 B = Non-inter-level travel time spent in this place.
 C = Inter-level travel time spent in this place.
 D = Time resting spent in this place.
 E = Time spent auto-exploring this place.
 F = Levels seen in this place.
 G = Mean time per level.
                   A        B        C        D        E       F      G
               +--------+--------+--------+--------+--------+-----+--------+
         Total |   2372 |   2257 |    115 |      0 |   1923 |   3 |  790.7 |
       Dungeon |   2372 |   2257 |    115 |      0 |   1923 |   3 |  790.7 |
               +--------+--------+--------+--------+--------+-----+--------+

Top non-repeatable levels by time:
     D:1: 1189 daAuts
     D:2: 947 daAuts
     D:3: 235 daAuts
